 Dungeon Crawl Stone Soup version 0.31-a0-851-g7ff8af7976 (webtiles) character file.

Game seed: 6612697357784590356

1623 pokeman the Thaumaturge (level 8, -7/44 HPs)
             Began as a Deep Elf Hedge Wizard on Oct 6, 2023.
             Was an Initiate of Vehumet.
             Killed by divine providence
             ... invoked by an orc priest
              (13 damage)
             ... on level 7 of the Dungeon.
             The game lasted 00:11:47 (6432 turns).

pokeman the Thaumaturge (Deep Elf Hedge Wizard)     Turns: 6432, Time: 00:11:47

Health: -7/44      AC:  6    Str: 12    XL:     8   Next: 65%
Magic:  12/23      EV: 12    Int: 19    God:    Vehumet [......]
Gold:   299        SH:  0    Dex: 14    Spells: 7/26 levels left

rFire   + . .        s - +8 trident of Triumph {chaos, rC+ Will+ Str+5 Int-3}
rCold   + . .        (no shield)
rNeg    . . .        e - +1 leather armour {rF+}
rPois   .            c - +0 hat
rElec   .            l - +0 cloak
rCorr   .            k - +0 pair of gloves
SInv    .            (no boots)
Will    +....        (no amulet)
Stlth   ++           (no ring)
HPRegen 0.27/turn    (no ring)
MPRegen 0.18/turn

%: no passive effects
@: no status effects
A: no striking features
a: Renounce Religion


You were on level 7 of the Dungeon.
You worshipped Vehumet.
Vehumet was noncommittal.
You visited 2 branches of the dungeon, and saw 8 of its levels.

You collected 299 gold pieces.

Inventory:

Hand Weapons
 s - the +8 trident of Triumph (weapon) {chaos, rC+ Will+ Str+5 Int-3}
   (You found it on level 5 of the Dungeon)

   Str+5:     It affects your strength (+5).
   Int-3:     It affects your intelligence (-3).
   rC+:       It protects you from cold.
   Will+:     It increases your willpower.
Armour
 c - a +0 hat (worn)
 e - a +1 leather armour of fire resistance (worn)
 k - a +0 pair of gloves (worn)
 l - a +0 cloak (worn)
 x - a scarf of shadows
Jewellery
 m - an amulet of guardian spirit
 t - a ring of fire
Wands
 w - a wand of mindburst (13)
 y - a wand of flame (23)
 z - a wand of polymorph (7)
Scrolls
 a - 2 scrolls of fog {unknown}
 b - a scroll of brand weapon {unknown}
 f - a scroll of blinking {unknown}
 g - 8 scrolls of identify {unknown}
 h - 2 scrolls of teleportation {unknown}
 i - 2 scrolls of enchant armour {unknown}
 j - a scroll of butterflies {unknown}
 n - a scroll of enchant weapon {unknown}
 p - a scroll of vulnerability {unknown}
 u - 2 scrolls of noise {unknown}
 v - a scroll of poison {unknown}
Potions
 d - a potion of magic
 o - 2 potions of brilliance {unknown}
 q - 4 potions of curing {unknown}
 r - a potion of resistance {unknown}


   Skills:
 - Level 2.1 Fighting
 + Level 2.5 Armour
 - Level 3.0 Dodging
 - Level 3.0 Stealth
 * Level 9.7 Spellcasting
 + Level 5.1 Conjurations
 - Level 1.1 Summonings
 - Level 1.1 Translocations
 + Level 3.2 Fire Magic
 + Level 3.9 Ice Magic
 - Level 1.3 Air Magic
 - Level 1.2 Poison Magic


You had 7 spell levels left.
You knew the following spells:

 Your Spells              Type           Power      Damage    Failure   Level
a - Magic Dart            Conj           100%       1d8       1%          1
b - Mephitic Cloud        Conj/Pois/Air  19%        N/A       10%         3
c - Call Imp              Summ           26%        N/A       10%         2
d - Blink                 Tloc           26%        N/A       10%         2
e - Freezing Cloud        Conj/Ice/Air   11%        6-21      54%         5
f - Starburst             Conj/Fire      12%        6d5       95%         6

Your spell library contained the following spells:

 Spells                   Type           Power      Damage    Failure   Level
 Freeze                   Ice            96%        1d10      1%          1
 Hailstorm                Conj/Ice       26%        3d7       4%          3
 Frozen Ramparts          Ice            48%        1d8       6%          3
 Ozocubu's Armour         Ice            24%        N/A       6%          3
 Ensorcelled Hibernation  Hex/Ice        32%        N/A       7%          2
 Poisonous Vapours        Pois/Air       28%        N/A       9%          2
 Slow                     Hex            36%        N/A       10%         1
 Dazzling Flash           Conj/Hex       38%        N/A       10%         3
 Cigotuvi's Dreadful Rot  Necr/Pois/Air  24%        N/A       11%         2
 Volatile Blastmotes      Fire/Tloc      34%        2d12      12%         3
 Passwall                 Tmut/Erth      7%         N/A       14%         2
 Swiftness                Air            14%        N/A       17%         3
 Summon Ice Beast         Ice/Summ       18%        N/A       34%         4
 Vhi's Electric Charge    Tloc/Air       26%        N/A       52%         4
 Arcjolt                  Conj/Air       10%        1d20      58%         5
 Plasma Beam              Fire/Air       8%         2x1d19    99%         6
 Simulacrum               Ice/Necr       8%         N/A       100%        6
 Ozocubu's Refrigeration  Ice            12%        4d10      100%        7
 Maxwell's Capacitive Co  Air            7%         ∞         100%        8


Dungeon Overview and Level Annotations

Branches:
Dungeon (7/15)             Temple (1/1) D:7

Altars:
Ashenzari
Cheibriados
Dithmenos
Elyvilon
Fedhas
Gozag
Hepliaklqana
Kikubaaqudgha
Makhleb
Nemelex Xobeh
Okawaru
Qazlal
Ru
Trog
Uskayaw
Vehumet
Wu Jian
Xom
Yredelemnul
Zin
The Shining One


Message History

The ball explodes into a vile cloud!
The stinking cloud engulfs the orc warrior but does no damage.
The stinking cloud engulfs you but does no damage.
You feel sick.
The orc warrior is engulfed in noxious fumes.
The orc warrior appears confused.
The orc warrior hits you with a +0 short sword.
* * * LOW HITPOINT WARNING * * *
Unknown command.
You feel sick.
The orc warrior is engulfed in noxious fumes.
The orc warrior appears confused.
You feel sick.
You feel sick.
There is an open door here.
You feel sick.
Okay, then.
Unknown command.
You close the door.
You feel sick.
You feel sick.
You start resting.
You feel sick.
An orc priest opens the door.
It is wielding a +0 hand axe.
Casting: Mephitic Cloud (dangerous; 10% risk of failure)
Confirm with . or Enter, or press ? or * to list all spells.
Aiming: Mephitic Cloud (dangerous; 10% risk of failure)
Press: ? - help, Shift-Dir - straight line, f - orc priest, p - orc warrior
Aim: an orc priest, wielding a +0 hand axe (chance to affect: 86%)
The ball explodes into a vile cloud!
The stinking cloud engulfs the orc priest but does no damage.
The stinking cloud engulfs the orc but does no damage.
You feel sick.
You are no longer poisoned.
The orc priest is engulfed in noxious fumes.
The orc priest appears confused.
Unknown command.
The orc priest is engulfed in noxious fumes.
The orc priest appears confused.
The orc priest calls down the wrath of Beogh upon you.
Beogh smites you!
You die...

....#######......
#..#....o....#
####..#o###..o..#
#.....o{)†o.....#
.......#.###.#o#.#
.#.##S.#.# #..o#.#
o..o#.# ###.#.#
.....#.#####°#.#
#.###.#.....@...#
#. #.#####.....##
# #o ##.......##
#.........#
..'.........+
###.........#
##......<##
##.....## ##...##


You could see an orc warrior (confused), an orc priest and an orc.

Vanquished Creatures
  Jeremiah (D:6)
  Eustachio (D:5)
  3 water moccasins
  3 phantoms
  A centaur (D:6)
  A scorpion (D:5)
  A bullfrog (D:7)
  A killer bee (D:6)
  A hound (D:6)
  A jelly (D:6)
  2 orc priests (D:5)
  A gnoll bouda (D:4)
  2 iguanas
  An orc wizard (D:5)
  5 gnolls
  6 adders
  A white imp (D:7)
  5 worms
  3 dart slugs
  8 orcs
  7 ball pythons
  5 bats
  6 endoplasms
  5 giant cockroaches
  6 goblins
  7 hobgoblins
  2 jackals (D:3)
  9 kobolds
  2 quokkas
  8 frilled lizards
  10 rats
115 creatures vanquished.

Vanquished Creatures (collateral kills)
  An orc (D:7)
1 creature vanquished.

Grand Total: 116 creatures vanquished

Notes
Turn   | Place    | Note
-------+----------+-------------------------------------------
     0 | D:1      | pokeman the Deep Elf Hedge Wizard began the quest for the
                  | Orb.
     0 | D:1      | Reached XP level 1. HP: 10/10 MP: 7/7
   142 | D:1      | Reached XP level 2. HP: 16/16 MP: 1/9
   607 | D:1      | Reached skill level 5 in Spellcasting
   805 | D:1      | Reached XP level 3. HP: 20/20 MP: 7/11
   809 | D:1      | Learned a level 3 spell: Mephitic Cloud
   812 | D:1      | Learned a level 2 spell: Call Imp
   815 | D:1      | Learned a level 2 spell: Blink
  1152 | D:1      | Found a faded altar of an unknown god.
  1545 | D:2      | Reached skill level 1 in Fighting
  1545 | D:2      | Reached skill level 1 in Armour
  1960 | D:2      | Reached XP level 4. HP: 25/25 MP: 5/13
  2847 | D:3      | Found a large runed translucent door.
  2848 | D:3      | Found a large runed translucent door.
  3389 | D:3      | Found a glowing silver altar of Zin.
  3407 | D:3      | Found a glowing golden altar of the Shining One.
  3458 | D:4      | Reached XP level 5. HP: 29/29 MP: 12/15
  3548 | D:4      | Reached skill level 6 in Spellcasting
  3624 | D:4      | Noticed a phantom
  3646 | D:4      | Killed a phantom
  3647 | D:4      | Reached skill level 1 in Air Magic
  3647 | D:4      | Reached skill level 1 in Poison Magic
  3653 | D:4      | Learned a level 5 spell: Freezing Cloud
  4152 | D:4      | Found a sparkling altar of Nemelex Xobeh.
  4154 | D:4      | Found a shadowy altar of Dithmenos.
  4157 | D:4      | Found an ornate altar of the Wu Jian Council.
  4218 | D:5      | Entered Level 5 of the Dungeon
  4239 | D:5      | Identified the +8 trident of Triumph {chaos, rC+ Will+
                  | Str+5 Int-3}
  4252 | D:5      | Noticed a phantom
  4265 | D:5      | Killed a phantom
  4266 | D:5      | Reached XP level 6. HP: 30/34 MP: 6/17
  4303 | D:5      | Reached skill level 7 in Spellcasting
  4303 | D:5      | Reached skill level 1 in Ice Magic
  4465 | D:5      | Learned a level 6 spell: Starburst
  4577 | D:5      | Noticed Eustachio
  4583 | D:5      | Killed Eustachio
  4584 | D:5      | Reached XP level 7. HP: 37/39 MP: 17/20
  4767 | D:5      | Reached skill level 1 in Fire Magic
  4980 | D:5      | Reached skill level 8 in Spellcasting
  5316 | D:6      | Noticed Jeremiah
  5338 | D:6      | Killed Jeremiah
  5339 | D:6      | Reached XP level 8. HP: 34/44 MP: 15/22
  5440 | D:6      | Reached skill level 9 in Spellcasting
  6199 | D:7      | Found a staircase to the Ecumenical Temple.
  6229 | Temple   | Entered the Ecumenical Temple
  6260 | Temple   | Became a worshipper of Vehumet
  6338 | D:7      | Reached skill level 5 in Conjurations
  6432 | D:7      | Killed from afar by an orc priest

Illustrated notes

Levels and vault maps discovered:
D:1:      lemuel_arrival_broad_hall, layout_basic,
          dreamdust_ecumenical_altar_angels_and_demons
D:2:      layout_rooms, kennysheep_generic_room_4
D:3:      layout_basic, jmf_multi_god_temple2, nicolae_wormholes
D:4:      layout_rooms, nicolae_overflow_hidden_temple, moated_statue
D:5:      layout_basic, nicolae_kite_square_tiling_tiny, uniq_eustachio
D:6:      layout_basic, kennysheep_generic_room_9, uniq_jeremiah
D:7:      layout_loops_corners, minmay_temple_entry_stoned_glass,
          gammafunk_ghost_berserking_beasts, uniq_pikel
Temple:   kb_temple_of_zot

Skill      XL: |  1  2  3  4  5  6  7  8 |
---------------+-------------------------+-----
Spellcasting   | 5 6 7 8 9 |  9.7
Fighting       | 1 2 |  2.1
Armour         | 1 2 |  2.5
Conjurations   | 2 3 4 5 |  5.1
Stealth        | 3 |  3.0
Dodging        | 3 |  3.0
Air Magic      | 1 |  1.3
Poison Magic   | 1 |  1.2
Ice Magic      | 2 3 |  3.9
Fire Magic     | 2 3 |  3.2
Summonings     | |  1.1
Translocations | |  1.1

Action                     |  1- 3 |  4- 6 |  7- 9 || total
---------------------------+-------+-------+-------++-------
  Melee: Dagger            |    10 |    16 |       ||    26
         Punch             |       |     2 |       ||     2
         Trident           |       |    21 |    27 ||    48
   Cast: Magic Dart        |   124 |   147 |    70 ||   341
         Mephitic Cloud    |       |     8 |     9 ||    17
         Call Imp          |       |       |     3 ||     3
   Stab: Confused          |       |     2 |     4 ||     6
         Sleeping          |       |       |     1 ||     1
 Armour: Leather armour    |    18 |    39 |    24 ||    81
  Dodge: Dodged            |    17 |    30 |    16 ||    63

Table legend: (Time is in decaauts)
 A = Elapsed time spent in this place.
 B = Non-inter-level travel time spent in this place.
 C = Inter-level travel time spent in this place.
 D = Time resting spent in this place.
 E = Time spent auto-exploring this place.
 F = Levels seen in this place.
 G = Mean time per level.
                   A        B        C        D        E       F      G
               +--------+--------+--------+--------+--------+-----+--------+
         Total |   6446 |   6221 |    225 |     15 |   5327 |   8 |  805.8 |
       Dungeon |   6383 |   6218 |    165 |     15 |   5327 |   7 |  911.9 |
        Temple |     62 |      2 |     60 |      0 |      0 |   1 |   62.0 |
               +--------+--------+--------+--------+--------+-----+--------+

Top non-repeatable levels by time:
     D:3: 1333 daAuts
     D:1: 1190 daAuts
     D:5: 1032 daAuts
     D:6: 951 daAuts
     D:2: 933 daAuts
     D:4: 760 daAuts
     D:7: 181 daAuts
  Temple: 62 daAuts
